 Dungeon Crawl Stone Soup version 0.23.2-1-ga50397a (webtiles) character file.

Game seed: 15625795417954819874

16580 esteth the Thaumaturge (level 12, -11/91 HPs)
             Began as a Gnoll Wizard on Apr 20, 2019.
             Was an Elder of Yredelemnul.
             Mangled by Rupert
             ... wielding a +5 great mace of holy wrath
              (39 damage)
             ... on level 12 of the Dungeon.
             The game lasted 00:44:10 (15824 turns).

esteth the Thaumaturge (Gnoll Wizard)              Turns: 15824, Time: 00:44:10

Health: -11/91     AC: 15    Str:  9    XL:     12   Next: 39%
Magic:  8/26       EV: 19    Int: 24    God:    Yredelemnul [****..]
Gold:   806        SH:  7    Dex: 20    Spells: 15/31 levels left

rFire    . . .     SeeInvis .   n - +1 hand axe (freeze)
rCold    . . .     Gourm    .   o - +1 buckler
rNeg     . . .     Faith    .   I - +0 steam dragon scales
rPois    .         Spirit   .   w - +2 helmet
rElec    .         Reflect  .   s - +0 cloak
rCorr    .         Harm     .   (no gloves)
MR       .....                  G - +0 pair of boots
Stlth    ++++......             A - amulet of the acrobat
HPRegen  0.25/turn              J - +3 ring of protection
MPRegen  0.20/turn              c - +4 ring of dexterity

@: about to teleport, very slightly contaminated
A: distributed training, fangs 1, strong nose
a: Recall Undead Slaves, Injury Mirror, Animate Dead, Drain Life, Renounce
Religion


You were on level 12 of the Dungeon.
You worshipped Yredelemnul.
Yredelemnul was greatly pleased with you.
You were hungry.

You visited 2 branches of the dungeon, and saw 13 of its levels.

You collected 806 gold pieces.

Inventory:

Hand Weapons
 n - a +1 hand axe of freezing (weapon)
 H - the +1 spear "Acryeckosu" {antimagic, *Rage +Rage Int+10}
   (You found it on level 7 of the Dungeon)

   It reduces the magical energy of the wielder, and disrupts the spells and
   magical abilities of those hit.
   Natural abilities and divine invocations are not affected.
   It affects your intelligence (+10).
   It lets you go berserk.
   It may make you go berserk in combat.
Armour
 a - a +0 robe
 k - a -2 robe
 o - a +1 buckler (worn)
 s - a +0 cloak (worn)
 w - a +2 helmet (worn)
 z - a +1 leather armour of positive energy
 G - a +0 pair of boots (worn)
 I - +0 steam dragon scales (worn)
Magical Staves
 K - an uncursed staff of fire
Jewellery
 c - a +4 ring of dexterity (right hand)
 f - an uncursed ring of positive energy
 A - an amulet of the acrobat (around neck)
 B - an uncursed ring of fire
 C - a +1 ring of protection
 D - an uncursed ring of protection from magic
 J - a +3 ring of protection (left hand)
Wands
 b - a wand of flame (45)
 x - a wand of disintegration (4)
 y - a wand of acid (2)
Scrolls
 e - 3 scrolls of identify
 h - 5 scrolls of enchant armour
 j - 7 scrolls of teleportation
 t - 5 scrolls of amnesia
 v - a scroll of enchant weapon
 M - a scroll of fog
 O - 4 scrolls of remove curse
Potions
 i - a potion of haste {unknown}
 l - a potion of agility {unknown}
 m - 3 potions of ambrosia
 p - a potion of might
 q - 3 potions of curing
 r - 2 potions of mutation {unknown}
 u - a potion of berserk rage {unknown}
 F - a potion of magic {unknown}
 L - a potion of resistance {unknown}
Comestibles
 d - 21 rations


   Skills:
 + Level 7.1 Fighting
 + Level 7.1 Short Blades
 + Level 7.1 Long Blades
 + Level 7.1 Axes
 + Level 7.1 Maces & Flails
 + Level 7.1 Polearms
 + Level 7.1 Staves
 + Level 7.1 Slings
 + Level 7.1 Bows
 + Level 7.1 Crossbows
 + Level 7.1 Throwing
 + Level 7.1 Armour
 + Level 8.5 Dodging
 + Level 8.3 Stealth
 + Level 7.1 Shields
 + Level 7.1 Unarmed Combat
 + Level 10.1 Spellcasting
 + Level 6.3 Conjurations
 + Level 5.9 Hexes
 + Level 5.9 Charms
 + Level 6.3 Summonings
 + Level 5.9 Necromancy
 + Level 6.3 Translocations
 + Level 5.9 Transmutations
 + Level 5.9 Fire Magic
 + Level 5.9 Ice Magic
 + Level 5.9 Air Magic
 + Level 5.9 Earth Magic
 + Level 5.9 Poison Magic
 + Level 7.8 Invocations
 + Level 7.1 Evocations


You had 15 spell levels left.
You knew the following spells:

 Your Spells              Type           Power        Failure   Level  Hunger
a - Magic Dart            Conj           ####         1%          1    None
b - Blink                 Tloc           N/A          1%          2    None
c - Call Imp              Summ           #####...     1%          2    None
d - Conjure Flame         Conj/Fire      #####...     1%          3    None
e - Mephitic Cloud        Conj/Pois/Air  #####...     1%          3    None
f - Iskenderun's Battles  Conj/Chrm      #####...     12%         5    ####...

Your spell library contained the following spells:

 Spells                   Type           Power        Failure   Level  Hunger
 Corpse Rot               Necr           N/A          1%          2    None
 Passwall                 Tmut/Erth      #####...     1%          2    None
 Slow                     Hex            #####...     1%          2    None
 Sublimation of Blood     Necr           #####.....   1%          2    None
 Swiftness                Chrm/Air       #####...     1%          2    None
 Passage of Golubria      Tloc           N/A          3%          4    #......
 Bolt of Draining         Conj/Necr      #####.....   12%         5    ####...
 Bolt of Magma            Conj/Fire/Erth #####.....   12%         5    ####...
 Venom Bolt               Conj/Pois      #####.....   12%         5    ####...
 Agony                    Necr           #####...     13%         5    ####...
 Dispel Undead            Necr           #####...     13%         5    ####...
 Excruciating Wounds      Chrm/Necr      #####.....   13%         5    ####...
 Lee's Rapid Deconstruct  Erth           #####.....   13%         5    ####...
 Iron Shot                Conj/Erth      #####.....   54%         6    ######.
 Darkness                 Hex            #####.....   56%         6    ######.
 Invisibility             Hex            #####...     56%         6    ######.
 Orb of Destruction       Conj           #####.....   97%         7    #######
 Spellforged Servitor     Conj/Summ      #####.....   97%         7    #######


Dungeon Overview and Level Annotations

Branches:
Dungeon (12/15)            Temple (1/1) D:4            Lair (0/6) D:9
    Orc: D:9-12

Altars:
Ashenzari
Cheibriados
Dithmenos
Elyvilon
Fedhas
Gozag
Hepliaklqana
Kikubaaqudgha
Makhleb
Nemelex Xobeh
Okawaru
Qazlal
Ru
Sif Muna
Trog
Uskayaw
Vehumet
Wu Jian
Xom
Yredelemnul
Zin
The Shining One

Annotations:
D:8 exclusions: hornet and 1 more exclusion
D:12 3 runed translucent doors, Rupert; davaitedunem's ghost, journeyman MiBe


Innate Abilities, Weirdness & Mutations

Your experience applies equally to all skills.
You have very sharp teeth.
Your uncanny sense of smell can sniff out nearby items.


Message History

Rupert is engulfed in noxious fumes.
Rupert rages.
Rupert is engulfed in noxious fumes.
Rupert hits you with a +5 great mace of holy wrath!!!
Found a ration.
Rupert barely misses you.
Found a hand crossbow.
Rupert rages.
Rupert hits you with a +5 great mace of holy wrath!!
* * * LOW HITPOINT WARNING * * *
You see here a hand crossbow.
You feel much better.
Rupert hits you with a +5 great mace of holy wrath!!
Rupert hits you but does no damage.
Okay, then.
As you read the scroll of teleportation, it crumbles to dust.
You feel strangely unstable.
Rupert hits you with a +5 great mace of holy wrath!!!
You die...
Your body rises from the dead as a mindless zombie.

#### ...% ..# #...# #.#
#...# #...... #@# #...#
#.##..# #@# #...#
#.##..## ######.###...#
#.# .... #........#...#
#.# .... #.####.......#
#># #..# #.#
#...#..####.###... ...#
#...#.............
....##...##......####.#
y........######..# #.#


You could see Rupert (berserk).

Vanquished Creatures
  5 two-headed ogres
  3 death yaks (D:9)
  2 cyclopes
  2 centaur zombies
  4 trolls
  Grinder (D:6)
  2 hippogriffs
  A spriggan (D:7)
  5 yaks
  2 hungry ghosts (D:8)
  2 wyverns
  Eustachio (D:4)
  A basilisk (D:12)
  3 vampire mosquitoes (D:12)
  A steam dragon (D:8)
  Menkaure (D:7)
  4 ice beasts
  5 orc warriors
  3 sky beasts
  5 ogres
  9 centaurs
  A big kobold (D:7)
  4 bullfrogs
  Dowan (D:6)
  A wyvern skeleton (D:11)
  4 scorpions
  A yak zombie (D:10)
  2 killer bees (D:11)
  A wight (D:11)
  2 howler monkeys (D:11)
  A bullfrog zombie (D:10)
  8 crimson imps
  A quasit (D:9)
  A jelly (D:8)
  7 hounds
  2 orc priests (D:10)
  Jessica (D:3)
  4 bullfrog skeletons
  An iguana (D:6)
  Ijyb (D:5)
  6 worker ants
  9 orc wizards
  2 hound skeletons
  2 worker ant zombies
  Robin (D:3)
  6 gnolls
  A howler monkey skeleton (D:11)
  10 adders
  4 shadow imps
  An ooze (D:5)
  2 orc skeletons (D:11)
  An adder skeleton (D:4)
  7 worms
  3 dart slugs
  8 leopard geckos
  29 orcs
  7 giant cockroaches
  18 goblins
  9 hobgoblins
  4 jackals (D:5)
  13 kobolds
  4 quokkas
  2 bats (D:3)
  3 frilled lizards
  A jackal zombie (D:5)
  3 orc zombies
  A quokka skeleton (D:5)
  11 rats
274 creatures vanquished.

Vanquished Creatures (collateral kills)
  A two-headed ogre (D:11)
  3 centaur skeletons
  3 trolls (D:11)
  2 hippogriffs (D:11)
  3 yaks (D:10)
  A wyvern (D:11)
  Duvessa (D:6)
  A sky beast (D:9)
  2 black bears (D:11)
  An ice beast (D:11)
  A necrophage (D:9)
  An ogre (D:11)
  3 centaurs
  A bullfrog (D:11)
  A killer bee (D:11)
  A howler monkey (D:11)
  2 hounds
  An orc wizard (D:11)
  A quasit (D:6)
  A bullfrog skeleton (D:11)
  3 iguanas
  A gnoll shaman (D:6)
  2 worker ants
  A worker ant zombie (D:11)
  An orc (D:6)
39 creatures vanquished.

Vanquished Creatures (others)
  A wyvern zombie (D:11)
  A troll zombie (D:11)
  A yak zombie (D:10)
  A sky beast zombie (D:9)
  2 hound zombies
  A mummy (D:12)
  An adder zombie (D:10)
  An orc skeleton (D:11)
  5 orc zombies
14 creatures vanquished.

Grand Total: 327 creatures vanquished

Notes
Turn   | Place    | Note
-------+----------+-------------------------------------------
     0 | D:1      | esteth the Gnoll Wizard began the quest for the Orb.
     0 | D:1      | Reached XP level 1. HP: 13/13 MP: 8/8
    63 | D:1      | Reached XP level 2. HP: 19/19 MP: 5/10
   105 | D:1      | Learned a level 2 spell: Blink
   108 | D:1      | Learned a level 2 spell: Call Imp
   683 | D:2      | Reached XP level 3. HP: 25/25 MP: 3/11
   986 | D:2      | Reached skill level 1 in Invocations
  1265 | D:2      | Reached skill level 1 in Fighting
  1265 | D:2      | Reached skill level 1 in Short Blades
  1265 | D:2      | Reached skill level 1 in Long Blades
  1265 | D:2      | Reached skill level 1 in Axes
  1265 | D:2      | Reached skill level 1 in Maces & Flails
  1265 | D:2      | Reached skill level 1 in Polearms
  1265 | D:2      | Reached skill level 1 in Staves
  1265 | D:2      | Reached skill level 1 in Slings
  1265 | D:2      | Reached skill level 1 in Bows
  1265 | D:2      | Reached skill level 1 in Crossbows
  1265 | D:2      | Reached skill level 1 in Throwing
  1265 | D:2      | Reached skill level 1 in Armour
  1265 | D:2      | Reached skill level 1 in Shields
  1265 | D:2      | Reached skill level 1 in Unarmed Combat
  1265 | D:2      | Reached skill level 1 in Evocations
  1575 | D:2      | Reached XP level 4. HP: 29/32 MP: 13/13
  1809 | D:3      | Reached skill level 1 in Hexes
  1809 | D:3      | Reached skill level 1 in Charms
  1809 | D:3      | Reached skill level 1 in Necromancy
  1809 | D:3      | Reached skill level 1 in Transmutations
  1809 | D:3      | Reached skill level 1 in Fire Magic
  1809 | D:3      | Reached skill level 1 in Ice Magic
  1809 | D:3      | Reached skill level 1 in Air Magic
  1809 | D:3      | Reached skill level 1 in Earth Magic
  1809 | D:3      | Reached skill level 1 in Poison Magic
  2024 | D:3      | Learned a level 3 spell: Conjure Flame
  2036 | D:3      | Learned a level 3 spell: Mephitic Cloud
  2146 | D:3      | Noticed Jessica
  2151 | D:3      | Killed Jessica
  2151 | D:3      | Reached XP level 5. HP: 37/37 MP: 9/14
  2564 | D:3      | Found a white marble altar of Elyvilon.
  2673 | D:3      | Noticed Robin
  2710 | D:3      | Killed Robin
  3250 | D:4      | Reached XP level 6. HP: 25/44 MP: 14/16
  3567 | D:4      | Noticed Eustachio
  3594 | D:4      | Killed Eustachio
  3594 | D:4      | Reached skill level 5 in Dodging
  3594 | D:4      | Reached XP level 7. HP: 42/50 MP: 11/18
  3868 | D:4      | Found a staircase to the Ecumenical Temple.
  3933 | Temple   | Entered the Ecumenical Temple
  4071 | Temple   | Became a worshipper of Yredelemnul the Dark
  4443 | D:5      | Entered Level 5 of the Dungeon
  4607 | D:5      | Reached skill level 5 in Stealth
  5023 | D:5      | Reached XP level 8. HP: 50/57 MP: 13/19
  5211 | D:5      | Noticed Ijyb
  5216 | D:5      | Killed Ijyb
  5423 | D:5      | Reached * piety under Yredelemnul
  5877 | D:6      | Reached skill level 8 in Spellcasting
  6034 | D:6      | Noticed Duvessa
  6037 | D:6      | Noticed Dowan
  6060 | D:6      | Killed Duvessa
  6071 | D:6      | Killed Dowan
  6321 | D:6      | Noticed Grinder
  6333 | D:6      | Killed Grinder
  6333 | D:6      | Reached XP level 9. HP: 64/65 MP: 8/21
  8009 | D:7      | Got a transparent spear
  8010 | D:7      | Identified the +1 spear "Acryeckosu" {antimagic, *Rage
                  | +Rage Int+10} (You found it on level 7 of the Dungeon)
  8641 | D:7      | Noticed Menkaure
  8645 | D:7      | Identified a scroll of acquirement
  8655 | D:7      | Killed Menkaure
  8718 | D:7      | Learned a level 5 spell: Iskenderun's Battlesphere
  9013 | D:8      | Noticed a hornet
  9145 | D:8      | Reached skill level 5 in Invocations
  9335 | D:8      | Reached ** piety under Yredelemnul
  9335 | D:8      | Reached XP level 10. HP: 22/73 MP: 7/22
  9982 | D:8      | Noticed a two-headed ogre
  9990 | D:8      | Killed a two-headed ogre
  9990 | D:8      | Reached skill level 5 in Fighting
  9990 | D:8      | Reached skill level 5 in Short Blades
  9990 | D:8      | Reached skill level 5 in Long Blades
  9990 | D:8      | Reached skill level 5 in Axes
  9990 | D:8      | Reached skill level 5 in Maces & Flails
  9990 | D:8      | Reached skill level 5 in Polearms
  9990 | D:8      | Reached skill level 5 in Staves
  9990 | D:8      | Reached skill level 5 in Slings
  9990 | D:8      | Reached skill level 5 in Bows
  9990 | D:8      | Reached skill level 5 in Crossbows
  9990 | D:8      | Reached skill level 5 in Throwing
  9990 | D:8      | Reached skill level 5 in Armour
  9990 | D:8      | Reached skill level 5 in Shields
  9990 | D:8      | Reached skill level 5 in Unarmed Combat
  9990 | D:8      | Reached skill level 5 in Evocations
 10415 | D:9      | Reached skill level 9 in Spellcasting
 10650 | D:9      | Reached skill level 5 in Conjurations
 10650 | D:9      | Reached skill level 5 in Summonings
 10650 | D:9      | Reached skill level 5 in Translocations
 10907 | D:9      | Noticed a death yak
 10921 | D:9      | Noticed a death yak
 11054 | D:9      | Noticed a two-headed ogre
 11069 | D:9      | Killed a two-headed ogre
 11436 | D:9      | Noticed a death yak
 11554 | D:9      | Killed a death yak
 11554 | D:9      | Reached XP level 11. HP: 67/81 MP: 14/24
 11569 | D:9      | Killed a death yak
 11569 | D:9      | Killed a death yak
 11569 | D:9      | Reached skill level 5 in Hexes
 11569 | D:9      | Reached skill level 5 in Charms
 11569 | D:9      | Reached skill level 5 in Necromancy
 11569 | D:9      | Reached skill level 5 in Transmutations
 11569 | D:9      | Reached skill level 5 in Fire Magic
 11569 | D:9      | Reached skill level 5 in Ice Magic
 11569 | D:9      | Reached skill level 5 in Air Magic
 11569 | D:9      | Reached skill level 5 in Earth Magic
 11569 | D:9      | Reached skill level 5 in Poison Magic
 11896 | D:9      | Found a staircase to the Lair.
 12043 | D:10     | Entered Level 10 of the Dungeon
 12076 | D:10     | Noticed a two-headed ogre
 12111 | D:10     | Killed a two-headed ogre
 12111 | D:10     | Reached *** piety under Yredelemnul
 12661 | D:10     | Noticed a two-headed ogre
 12676 | D:10     | Killed a two-headed ogre
 12779 | D:10     | Noticed a two-headed ogre
 12836 | D:10     | Killed a two-headed ogre
 13590 | D:11     | Found an ornate altar of the Wu Jian Council.
 13592 | D:11     | Noticed a two-headed ogre
 14049 | D:11     | Killed a two-headed ogre
 14049 | D:11     | Reached XP level 12. HP: 49/89 MP: 20/25
 14099 | D:11     | Reached **** piety under Yredelemnul
 14515 | D:11     | Reached skill level 10 in Spellcasting
 15071 | D:12     | Noticed a blizzard demon
 15080 | D:12     | Found a runed translucent gate.
 15080 | D:12     | Found a runed translucent gate.
 15080 | D:12     | Found a runed translucent gate.
 15102 | D:12     | Received a gift from Yredelemnul (a mummy)
 15126 | D:12     | Noticed davaitedunem's ghost (journeyman MiBe)
 15131 | D:12     | Noticed Rupert
 15664 | D:12     | Paralysed by Rupert for 7 turns
 15800 | D:12     | Paralysed by Rupert for 5 turns
 15824 | D:12     | Mangled by Rupert

Skill      XL: |  1  2  3  4  5  6  7  8  9 10 11 12 |
---------------+-------------------------------------+-----
Conjurations   | 2 3 4 5 6 |  6.3
Summonings     | 2 3 4 5 6 |  6.3
Translocations | 2 3 4 5 6 |  6.3
Invocations    | 1 2 3 4 5 6 7 |  7.8
Fighting       | 1 2 3 4 5 6 7 |  7.1
Short Blades   | 1 2 3 4 5 6 7 |  7.1
Long Blades    | 1 2 3 4 5 6 7 |  7.1
Axes           | 1 2 3 4 5 6 7 |  7.1
Maces & Flails | 1 2 3 4 5 6 7 |  7.1
Polearms       | 1 2 3 4 5 6 7 |  7.1
Staves         | 1 2 3 4 5 6 7 |  7.1
Slings         | 1 2 3 4 5 6 7 |  7.1
Bows           | 1 2 3 4 5 6 7 |  7.1
Crossbows      | 1 2 3 4 5 6 7 |  7.1
Throwing       | 1 2 3 4 5 6 7 |  7.1
Armour         | 1 2 3 4 5 6 7 |  7.1
Shields        | 1 2 3 4 5 6 7 |  7.1
Unarmed Combat | 1 2 3 4 5 6 7 |  7.1
Evocations     | 1 2 3 4 5 6 7 |  7.1
Hexes          | 1 2 3 4 5 |  5.9
Charms         | 1 2 3 4 5 |  5.9
Necromancy     | 1 2 3 4 5 |  5.9
Transmutations | 1 2 3 4 5 |  5.9
Fire Magic     | 1 2 3 4 5 |  5.9
Ice Magic      | 1 2 3 4 5 |  5.9
Air Magic      | 1 2 3 4 5 |  5.9
Earth Magic    | 1 2 3 4 5 |  5.9
Poison Magic   | 1 2 3 4 5 |  5.9
Dodging        | 5 6 7 8 |  8.5
Stealth        | 5 6 7 8 |  8.3
Spellcasting   | 8 9 10 | 10.1

Action                   |  1- 3 |  4- 6 |  7- 9 | 10-12 || total
-------------------------+-------+-------+-------+-------++-------
Melee: Hand axe          |    24 |   130 |   296 |   585 ||  1035
       Bite              |       |     9 |    43 |    73 ||   125
       Spear             |       |       |    30 |       ||    30
 Cast: Magic Dart        |    71 |    38 |   134 |   236 ||   479
       Mephitic Cloud    |       |     7 |    13 |    31 ||    51
       Call Imp          |       |       |    20 |       ||    20
       Conjure Flame     |       |       |     3 |     1 ||     4
       Blink             |       |       |     2 |     4 ||     6
       Iskenderun's Batt |       |       |       |    12 ||    12
Invok: Animate Remains   |       |       |       |     7 ||     7
       Animate Dead      |       |       |       |     4 ||     4
       Recall Undead Sla |       |       |       |     1 ||     1
Evoke: Wand              |       |       |     3 |    10 ||    13
  Use: Scroll            |     2 |     4 |     8 |    10 ||    24
       Potion            |       |     1 |     1 |     4 ||     6
 Stab: Sleeping          |     1 |     7 |    13 |    11 ||    32
       Confused          |       |     3 |     3 |    11 ||    17
       Distracted        |       |       |     2 |     4 ||     6
  Eat: Chunk             |     2 |     6 |    15 |    15 ||    38
       Ration            |       |       |     1 |     5 ||     6
Armor: Robe              |       |    10 |    74 |       ||    84
       Steam dragon scal |       |       |       |   197 ||   197
Dodge: Dodged            |    17 |    78 |   266 |   523 ||   884
Block: Buckler           |       |    31 |   106 |   291 ||   428
